 Dungeon Crawl Stone Soup version 0.20-a0-537-g052e6ba (webtiles) character file.

385 Duffy the Chopper (level 6, -2/56 HPs)
             Began as a Naga Fighter on Jan 27, 2017.
             Slain by an orc
             ... wielding a +0 short sword
              (4 damage)
             ... on level 3 of the Dungeon.
             The game lasted 00:01:58 (1319 turns).

Duffy the Chopper (Naga Fighter)                    Turns: 1319, Time: 00:01:59

Health: -2/56      AC:  6    Str: 21    XL:     6   Next: 77%
Magic:  6/6        EV:  4    Int:  8    God:
Gold:   13         SH:  9    Dex: 10    Spells: 5/5 levels left

rFire    . . .     SeeInvis +   a - +0 war axe
rCold    . . .     Gourm    .   l - +0 chain mail
rNeg     . . .     Faith    .   c - +0 shield
rPois    +         Spirit   .   (no helmet)
rElec    .         Reflect  .   (no cloak)
rCorr    .         Harm     .   (no gloves)
MR       .....                  (no barding)
Stlth    ..........             (no amulet)
Regen    0.2/turn               (no ring)
                                (no ring)

@: very slow
A: see invisible, deformed body, poison resistance, slowness 2, slow metabolism
1, spit poison 1, AC +2
a: Spit Poison


You were on level 3 of the Dungeon.
You were not hungry.

You visited 1 branch of the dungeon, and saw 4 of its levels.

You collected 13 gold pieces.

Inventory:

Hand Weapons
 a - a +0 war axe (weapon)
 h - a +1 hand axe of pain
Armour
 b - a +0 scale mail
 c - a +0 shield (worn)
 l - a +0 chain mail (worn)
Wands
 j - a wand of scattershot (3/9)
 k - a wand of acid (5/15)
 m - a wand of random effects (25/48)
Scrolls
 n - a scroll of enchant armour {unknown}
Potions
 d - a potion of might
 e - a potion of lignification {unknown}
 i - a potion of brilliance {unknown}
Comestibles
 f - 2 bread rations
 g - 2 fruits
 o - a meat ration
 p - 2 chunks of flesh


   Skills:
 - Level 3.0 Fighting
 + Level 5.1 Axes
 - Level 2.4 Armour
 + Level 4.6 Shields


You had 5 spell levels left.
You didn't know any spells.

Dungeon Overview and Level Annotations

Branches:
Dungeon (4/15)
 Temple: D:4-7

Altars:
Gozag
Kikubaaqudgha
Zin

Annotations:
D:4 Syneil's ghost, amateur DECj


Innate Abilities, Weirdness & Mutations

You cannot wear boots.
Your serpentine skin is tough. (AC +2)
You have supernaturally acute eyesight. (SInv)
Armour fits poorly on your strangely shaped body.
Your system is resistant to poisons. (rPois)
You cover ground very slowly.
You have a slow metabolism.
You can spit poison.


Message History

The orc hits you with a hand axe. The orc hits you.
An orc comes into view.
The orc shouts!
You slash the orc!
You kill the orc!
Your shield and chain mail prevent you from hitting the orc.
You block the orc's attack.
You hit the orc but do no damage.
The orc is heavily wounded.
You hit the rat but do no damage. You block the rat's attack. The orc hits you.
The rat bites you but does no damage.
You hit the orc.
You kill the orc!
You closely miss the rat. The rat bites you but does no damage.
You closely miss the orc.
Your shield and chain mail prevent you from hitting the rat.
You have got your breath back.
You block the orc's attack. You block the rat's attack.
The orc hits you with a short sword.
You die...

#.#.##.......##..
#.#..#...........
.............##.
.....#.......#
.............###
...##...........##
...#.............#
###............#.#
#...)........or@#
#.............o(#
...#...........#..
.####.......(.###..
. ####.......) ..#
#...##.## ... ...##
.# .#.. ..## #
...#. .(.


You could see 2 orcs and a rat.

Vanquished Creatures
  Duvessa (D:4)
  Dowan (D:4)
  A scorpion (D:4)
  A howler monkey (D:4)
  2 orc priests
  Jessica (D:3)
  An ooze (D:4)
  An adder skeleton (D:4)
  11 orcs
  A ball python (D:4)
  4 bats
  A giant cockroach (D:4)
  2 jackals (D:1)
  2 kobolds
  2 quokkas
  A frilled lizard (D:3)
  2 goblins
  A rat (D:3)
36 creatures vanquished.

Notes
Turn   | Place    | Note
-------+----------+-------------------------------------------
     0 | D:1      | Duffy the Naga Fighter began the quest for the Orb.
     0 | D:1      | Reached XP level 1. HP: 21/21 MP: 1/1
     2 | D:1      | Noticed a tengu
     2 | D:1      | Noticed an ogre
     4 | D:1      | Noticed a dwarf
     4 | D:1      | Noticed a halfling
     6 | D:1      | Noticed a draconian
     6 | D:1      | Noticed a felid
     8 | D:1      | Noticed a naga
     8 | D:1      | Noticed an octopode
    10 | D:1      | Noticed a ghoul
    12 | D:1      | Noticed an elf
    14 | D:1      | Noticed a minotaur
    16 | D:1      | Noticed a centaur
    16 | D:1      | Noticed a demigod
    18 | D:1      | Noticed a demonspawn
    20 | D:1      | Noticed a spriggan
    20 | D:1      | Noticed a gargoyle
    22 | D:1      | Noticed a troll
    22 | D:1      | Noticed a formicid
    24 | D:1      | Noticed a vampire
    24 | D:1      | Noticed a vine stalker
    26 | D:1      | Noticed a merfolk
    26 | D:1      | Noticed a human
   113 | D:1      | You fall through a shaft!
   118 | D:2      | Reached XP level 2. HP: 27/28 MP: 2/2
   300 | D:3      | Noticed Jessica
   305 | D:3      | Killed Jessica
   305 | D:3      | Reached XP level 3. HP: 31/34 MP: 3/3
   390 | D:4      | Reached skill level 3 in Axes
   671 | D:3      | Reached XP level 4. HP: 33/42 MP: 4/4
   863 | D:4      | Noticed Duvessa
   863 | D:4      | Noticed Dowan
   888 | D:4      | Killed Duvessa
   888 | D:4      | Reached skill level 4 in Axes
   888 | D:4      | Reached XP level 5. HP: 14/49 MP: 5/5
   891 | D:4      | Killed Dowan
   891 | D:4      | Reached XP level 6. HP: 17/56 MP: 6/6
  1214 | D:4      | Reached skill level 5 in Axes
  1236 | D:4      | Found an opulent altar of Gozag.
  1236 | D:4      | Found an ancient bone altar of Kikubaaqudgha.
  1237 | D:4      | Found a glowing silver altar of Zin.
  1297 | D:4      | Noticed Syneil's ghost (amateur DECj)
  1315 | D:3      | HP: 2/56 [orc (2)]
  1319 | D:3      | Slain by an orc

Vault maps used:
D:1:      kb_arrival_jail
D:2:      eat_drink_and_be_merry_uskayaw, first_bread
D:3:      uniq_jessica
D:4:      lemuel_doored_altar, gammafunk_temple_overflow_claw, serial_curves,
          eino_curves_02, eino_curves_01, uniq_duvessa, uniq_grinder

Skill      XL: |  1  2  3  4  5  6 |
---------------+-------------------+-----
Shields        | 3 4 |  4.6
Axes           | 3 4 5 |  5.1
Fighting       | |  3.0
Armour         | |  2.4

Action                   |  1- 3 |  4- 6 || total
-------------------------+-------+-------++-------
Melee: War axe           |    56 |    53 ||   109
 Abil: Spit Poison       |     3 |    12 ||    15
  Eat: Chunk             |       |     1 ||     1
Armor: Scale mail        |    33 |       ||    33
       Chain mail        |       |    24 ||    24
Dodge: Dodged            |    23 |     7 ||    30
Block: Shield            |    44 |    36 ||    80
